 Dungeon Crawl Stone Soup version 0.30-b1-2-g02819fbbbe (webtiles) character file.

Game seed: 2350893668762991319

3762 Armakuni the Carver (level 10, -19/74 HPs)
             Began as a Human Monk on May 13, 2023.
             Was a Believer of the Shining One (penitent).
             Killed by an exploding hound (39 damage)
             ... ignited by their inner flame
             ... on level 8 of the Dungeon.
             The game lasted 00:21:12 (7327 turns).

Armakuni the Carver (Human Monk)                    Turns: 7327, Time: 00:21:12

Health: -19/74     AC: 10    Str: 11    XL:     10   Next: 38%
Magic:  6/12       EV: 14    Int: 10    God:    the Shining One [**....]
Gold:   438        SH:  0    Dex: 21    Spells: 7/11 levels left

rFire   . . .        a - +1 scimitar (protect)
rCold   . . .        d - orb {light}
rNeg    + . .        k - +0 ring mail
rPois   .            t - +2 helmet {SInv}
rElec   .            (no cloak)
rCorr   .            y - +0 pair of gloves
SInv    +            m - +0 pair of boots
Will    +....        (no amulet)
Stlth   +            W - ring of willpower
HPRegen 0.32/turn    S - +4 ring of slaying
MPRegen 0.13/turn

%: no passive effects
@: very slightly contaminated, glowing
A: no striking features
a: Renounce Religion


You were on level 8 of the Dungeon.
You worshipped the Shining One.
The Shining One was demanding penance.
You visited 2 branches of the dungeon, and saw 9 of its levels.

You collected 438 gold pieces.

Inventory:

Hand Weapons
 a - a +1 scimitar of protection (weapon)
Armour
 d - an orb of light (worn)
 k - a +0 ring mail (worn)
 m - a +0 pair of boots (worn)
 o - a +0 buckler
 t - a +2 helmet of see invisible (worn)
 y - a +0 pair of gloves (worn)
Jewellery
 e - a +5 ring of evasion
 F - a ring of fire
 P - a ring of magical power
 S - a +4 ring of slaying (right hand)
 V - a ring of wizardry
 W - a ring of willpower (left hand)
Wands
 c - a wand of charming (13)
 l - a wand of light (1)
Scrolls
 j - 3 scrolls of fear
 p - a scroll of noise
 q - a scroll of fog
 x - a scroll of poison
 A - 2 scrolls of teleportation
 E - a scroll of enchant armour
Potions
 b - a potion of ambrosia
 f - 2 potions of lignification
 g - 2 potions of brilliance
 i - a potion of magic
 r - a potion of flight {unknown}
 s - a potion of might {unknown}
 u - 3 potions of mutation {unknown}


   Skills:
 - Level 5.0 Fighting
 - Level 9.5 Long Blades
 - Level 2.0 Armour
 - Level 5.9 Dodging
 - Level 1.0 Spellcasting
 - Level 7.0 Summonings
 - Level 2.0 Translocations
 + Level 3.6 Invocations
 - Level 2.0 Evocations


You had 7 spell levels left.
You knew the following spells:

 Your Spells              Type           Power      Damage    Failure   Level
a - Apportation           Tloc           8%         N/A       34%         1
k - Call Canine Familiar  Summ           14%        N/A       14%         3

Your spell library contained the following spells:

 Spells                   Type           Power      Damage    Failure   Level
 Lesser Beckoning         Tloc           8%         N/A       47%         2
 Necrotise                Necr           0%         1d4       63%         1
 Sandblast                Erth           0%         2d4       63%         1
 Gell's Gravitas          Tloc           4%         N/A       71%         3
 Teleport Other           Tloc           4%         N/A       71%         3
 Passwall                 Tmut/Erth      0%         N/A       77%         2
 Portal Projectile        Hex/Tloc       4%         N/A       85%         3
 Stone Arrow              Conj/Erth      0%         3d7       94%         3
 Vampiric Draining        Necr           0%         2d6       94%         3
 Leda's Liquefaction      Hex/Erth       0%         N/A       100%        4
 Agony                    Necr           0%         N/A       100%        5
 Alistair's Intoxication  Tmut/Pois      0%         N/A       100%        5


Dungeon Overview and Level Annotations

Branches:
Dungeon (8/15)             Temple (1/1) D:7
   Lair: D:8-11

Altars:
Ashenzari
Cheibriados
Dithmenos
Elyvilon
Fedhas
Gozag
Hepliaklqana
Kikubaaqudgha
Makhleb
Okawaru
Qazlal
Ru
Sif Muna
Trog
Uskayaw
Vehumet
Wu Jian
Xom
Yredelemnul
Zin
The Shining One

Annotations:
D:8 Joseph


Message History

The killer bee barely misses your hound.
Your hound misses the killer bee.
The killer bee barely misses your hound.
The orc wizard mumbles some strange words.
The orc wizard flickers and vanishes for a moment.
Your hound barely misses the killer bee.
Really read the scroll of immolation?
As you read the scroll of immolation, it crumbles to dust.
The creatures around you are filled with an inner flame!
The killer bee closely misses your hound.
The killer bee barely misses your hound.
Your hound barely misses the killer bee.
What are your orders? t - Shout!
Orders for allies: a - Attack new target. r - Retreat! s - Stop attacking. g - Guard the area. f - Follow me.
Anything else - Cancel.
Gang up on whom?
Press: ? - help, Dir - move target, f - killer bee
Aim: a killer bee (inner flame, ally target, haloed) Attack!
The killer bee stings your hound. Flame seeps out of your hound.
You feel very guilty. "You will pay for your transgression, mortal!"
Your divine halo fades away.
Your hound is poisoned.
The killer bee poisons your hound!
Your hound is engulfed in blazing flames.
Flame seeps out of your hound.
Your hound bites the killer bee.
Flame seeps out of the killer bee.
The killer bee is engulfed in blazing flames.
Flame seeps out of the killer bee.
The killer bee closely misses your hound.
Your hound is engulfed in blazing flames.
Your hound's corpse disappears in a puff of smoke!
Your hound explodes!
The fiery explosion engulfs the killer bee!!
The fiery explosion engulfs you!!!
Ouch! That really hurt!
You die...

.........# .........#######
.......#.....oo#####.#
.......#)o.yooyy......
.............#y#.#.#...#
......)...o.y#y#.#.# #.#
..........o..#○#.#.# #.#
##...........#○#.#.###.#
.............#@#.....#.########
..####+#######.###.#.#.#.......
. ######.......#.#.......
#........#.#...........
..........#......###...#
..........####.#.###...#
..........# #.#........
..........# #..........
..........# ###########


You could see 4 killer bees, an orc wizard (inner flame, invisible) and 2 orcs.

Vanquished Creatures
  A hornet (D:8)
  A wyvern (D:7)
  4 yaks (D:5)
  A steam dragon (D:8)
  A water moccasin (D:6)
  2 black bears
  An orc warrior (D:8)
  2 sky beasts (D:7)
  3 ice beasts
  2 phantoms
  A gnoll sergeant (D:8)
  3 bullfrogs
  3 scorpions (D:6)
  5 wights (D:7)
  5 killer bees
  A howler monkey (D:5)
  2 hounds
  A jelly (D:5)
  4 orc priests
  2 iguanas
  Ijyb (D:4)
  5 orc wizards
  2 sleepcaps
  A killer bee zombie (D:7)
  A howler monkey zombie (D:7)
  5 gnolls
  6 adders
  2 white imps
  2 ufetubi
  2 dart slugs
  31 orcs
  7 endoplasms
  3 giant cockroaches
  2 goblins
  3 hobgoblins
  3 jackals (D:3)
  2 quokkas
  4 ball pythons
  7 bats
  3 frilled lizards (D:2)
  12 kobolds
  4 rats
153 creatures vanquished.

Vanquished Creatures (collateral kills)
  A scorpion (D:5)
  An iguana (D:6)
  2 orc wizards
  An adder (D:5)
  3 orcs
8 creatures vanquished.

Vanquished Creatures (others)
  2 yaks (D:5)
  An orc wizard (D:8)
3 creatures vanquished.

Grand Total: 164 creatures vanquished

Notes
Turn   | Place    | Note
-------+----------+-------------------------------------------
     0 | D:1      | Armakuni the Human Monk began the quest for the Orb.
     0 | D:1      | Reached XP level 1. HP: 18/18 MP: 1/1
   101 | D:1      | Reached XP level 2. HP: 14/24 MP: 2/2
   156 | D:1      | Found a faded altar of an unknown god.
   380 | D:1      | Reached skill level 4 in Long Blades
   380 | D:1      | Reached XP level 3. HP: 29/29 MP: 3/3
   825 | D:2      | Reached XP level 4. HP: 29/35 MP: 4/4
   992 | D:2      | Reached skill level 5 in Long Blades
  1148 | D:2      | You fall into a shaft and drop 2 floors!
  1326 | D:3      | Reached XP level 5. HP: 38/41 MP: 5/5
  1482 | D:3      | Learned a level 1 spell: Apportation
  1486 | D:3      | Learned a level 3 spell: Call Canine Familiar
  2642 | D:4      | Noticed Ijyb
  2659 | D:4      | Killed Ijyb
  2660 | D:4      | Reached skill level 6 in Long Blades
  2681 | D:4      | Reached XP level 6. HP: 47/47 MP: 6/6
  3257 | D:5      | Entered Level 5 of the Dungeon
  3272 | D:5      | Noticed a black bear
  3293 | D:5      | Noticed a yak
  3295 | D:5      | Killed a black bear
  3296 | D:5      | Reached skill level 7 in Long Blades
  3296 | D:5      | Reached XP level 7. HP: 38/52 MP: 7/7
  3503 | D:5      | Reached skill level 8 in Long Blades
  3613 | D:5      | Reached skill level 1 in Summonings
  3797 | D:5      | Noticed a yak
  3798 | D:5      | Noticed a yak
  3798 | D:5      | Noticed a yak
  3813 | D:5      | Noticed a yak
  3814 | D:5      | Noticed a yak
  3822 | D:5      | Killed a yak
  3823 | D:5      | Reached XP level 8. HP: 58/58 MP: 8/8
  3832 | D:5      | Killed a yak
  3833 | D:5      | Reached skill level 5 in Summonings
  3841 | D:5      | Killed a yak
  3895 | D:5      | Killed a yak
  4210 | D:5      | Reached skill level 1 in Spellcasting
  4210 | D:5      | Reached XP level 9. HP: 49/63 MP: 7/10
  4440 | D:6      | Reached skill level 1 in Evocations
  4648 | D:6      | Reached skill level 1 in Translocations
  4717 | D:6      | Reached skill level 1 in Armour
  5101 | D:6      | Reached skill level 5 in Fighting
  5830 | D:7      | Reached skill level 9 in Long Blades
  5830 | D:7      | Reached XP level 10. HP: 74/74 MP: 11/11
  5855 | D:7      | Reached skill level 5 in Dodging
  5914 | D:7      | Found a staircase to the Ecumenical Temple.
  5955 | Temple   | Entered the Ecumenical Temple
  5982 | Temple   | Became a worshipper of the Shining One
  5982 | Temple   | Reached * piety under the Shining One
  5982 | Temple   | Reached ** piety under the Shining One
  6699 | D:8      | Noticed Joseph
  7036 | D:8      | Reached skill level 1 in Invocations
  7327 | D:8      | Was placed under penance by the Shining One
  7327 | D:8      | Killed by an exploding hound... ignited by their inner
                  | flame

Illustrated notes

Levels and vault maps discovered:
D:1:      tarquinn_simple_flora_water_a, layout_basic,
          shapermc_ecumenical_altar_acropolis
D:2:      layout_loops_ring
D:3:      layout_basic, nicolae_concentric_dashed_squares_mild
D:4:      layout_basic, uniq_ijyb
D:5:      layout_cave_pools, grunt_ministairs_2
D:6:      layout_basic, chequers_garden
D:7:      layout_layer_cave, minmay_temple_entry_trees, serial_undead,
          serial_undead_b, serial_undead_f, serial_undead_c, serial_undead_c
D:8:      layout_basic, minmay_stone_trees_small, minmay_misc_feat_four_crosses,
          uniq_joseph
Temple:   nicolae_temple_bog_church

Skill      XL: |  1  2  3  4  5  6  7  8  9 10 |
---------------+-------------------------------+-----
Long Blades    | 4 5 6 7 8 9 |  9.5
Summonings     | 4 7 |  7.0
Spellcasting   | 1 |  1.0
Evocations     | 2 |  2.0
Translocations | 2 |  2.0
Armour         | 2 |  2.0
Fighting       | 5 |  5.0
Dodging        | 4 5 |  5.9
Invocations    | 3 |  3.6

Action                     |  1- 3 |  4- 6 |  7- 9 | 10-12 || total
---------------------------+-------+-------+-------+-------++-------
  Melee: Short sword       |    59 |   179 |   288 |       ||   526
         Falchion          |     4 |       |       |       ||     4
         Scimitar          |       |       |    41 |    78 ||   119
  Throw: Dart              |       |     3 |     9 |     2 ||    14
   Cast: Call Canine Famil |       |       |     5 |     2 ||     7
 Invoke: Divine Shield     |       |       |       |     1 ||     1
  Evoke: Wand              |       |     1 |    12 |     3 ||    16
    Use: Scroll            |       |     8 |    10 |     1 ||    19
         Potion            |       |     2 |     1 |     1 ||     4
   Stab: Invisible         |       |     2 |       |       ||     2
 Armour: Robe              |     8 |     4 |       |       ||    12
         Ring mail         |       |    41 |    69 |    51 ||   161
  Dodge: Dodged            |    34 |    85 |   102 |    97 ||   318
  Block: Orb               |       |       |       |     3 ||     3
